 Dungeon Crawl Stone Soup version 0.24.0-7-gb3623d2c88 (webtiles) character file.

Game seed: 8109446785958021779, levelgen mode: deterministic

424 Majang the Magician (level 6, 0/44 HPs)
             Began as a Gnoll Wanderer on Nov 2, 2019.
             Was a Follower of Makhleb.
             Slain by a worker ant (4 damage)
             ... on level 3 of the Dungeon.
             The game lasted 00:20:59 (4841 turns).

Majang the Magician (Gnoll Wanderer)                Turns: 4841, Time: 00:20:59

Health: 0/44       AC:  6    Str: 15 (16) XL:     6   Next: 96%
Magic:  16/16      EV: 10    Int: 15      God:    Makhleb [*.....]
Gold:   146        SH:  0    Dex: 14      Spells: 13/20 levels left

rFire    . . .     SeeInvis .   d - +0 war axe
rCold    . . .     Gourm    .   (no shield)
rNeg     . . .     Faith    .   n - +0 scale mail
rPois    .         Spirit   .   (no helmet)
rElec    .         Reflect  .   (no cloak)
rCorr    +         Harm     .   (no gloves)
MR       .....                  (no boots)
Stlth    +.........             g - amulet of rage
HPRegen  0.14/turn              s - ring of resist corrosion
MPRegen  0.15/turn              (no ring)

@: lethally poisoned (0 -> -15)
A: distributed training, fangs 1, strong nose
a: Renounce Religion, Evoke Berserk Rage


You were on level 3 of the Dungeon.
You worshipped Makhleb.
Makhleb was aware of your devotion.
You were not hungry.

You visited 1 branch of the dungeon, and saw 4 of its levels.

You collected 146 gold pieces.

Inventory:

Hand Weapons
 d - a +0 war axe (weapon)
 i - a +0 spear
Missiles
 l - 22 poisoned darts (quivered)
 p - 7 javelins
Armour
 a - a +0 chain mail
 n - a +0 scale mail (worn)
 r - a +0 ring mail
Jewellery
 e - an uncursed amulet of magic regeneration
 g - an amulet of rage (around neck)
 s - a ring of resist corrosion (left hand)
Wands
 k - a wand of flame (15)
Scrolls
 c - a scroll of teleportation
 m - 2 scrolls of remove curse
 o - a scroll of fog {unknown}
 q - a scroll of enchant armour {unknown}
Potions
 h - a potion of haste {unknown}
 j - a potion of magic {unknown}
Comestibles
 f - 6 rations


   Skills:
 + Level 2.1 Fighting
 + Level 2.1 Short Blades
 + Level 2.1 Long Blades
 + Level 2.1 Axes
 + Level 2.1 Maces & Flails
 + Level 2.1 Polearms
 + Level 2.1 Staves
 + Level 2.1 Slings
 + Level 2.1 Bows
 + Level 2.1 Crossbows
 + Level 2.1 Throwing
 + Level 2.1 Armour
 + Level 2.1 Dodging
 + Level 4.7 Stealth
 + Level 2.1 Shields
 + Level 2.1 Unarmed Combat
 + Level 7.5 Spellcasting
 + Level 1.7 Conjurations
 + Level 1.7 Hexes
 + Level 1.7 Charms
 + Level 1.7 Summonings
 + Level 1.7 Necromancy
 + Level 1.7 Translocations
 + Level 5.7 Transmutations
 + Level 1.7 Fire Magic
 + Level 4.2 Ice Magic
 + Level 1.7 Air Magic
 + Level 1.7 Earth Magic
 + Level 1.7 Poison Magic
 + Level 2.3 Invocations
 + Level 2.1 Evocations


You had 13 spell levels left.
You knew the following spells:

 Your Spells              Type           Power        Failure   Level  Hunger
a - Magic Dart            Conj           ##..         24%         1    None
b - Conjure Flame         Conj/Fire      ##......     58%         3    ##.....
c - Mephitic Cloud        Conj/Pois/Air  ##......     58%         3    ##.....

Your spell library contained the following spells:

 Spells                   Type           Power        Failure   Level  Hunger
 Blink                    Tloc           N/A          36%         2    None
 Call Imp                 Summ           ##......     36%         2    None
 Slow                     Hex            ##......     36%         2    None


Dungeon Overview and Level Annotations

Branches:
Dungeon (4/15)
 Temple: D:4-7

Altars:
Makhleb
Okawaru
Trog
Wu Jian


Innate Abilities, Weirdness & Mutations

Your experience applies equally to all skills.
You have very sharp teeth.
Your uncanny sense of smell can sniff out nearby items.


Message History

* * * LOW HITPOINT WARNING * * *
You hit the worker ant.
The worker ant is heavily wounded.
You feel sick.
The worker ant bites you but does no damage.
You barely miss the worker ant.
You bite the worker ant, but do no damage.
The worker ant is heavily wounded.
The worker ant bites you.
* * * LOW HITPOINT WARNING * * *
You are lethally poisoned!
The worker ant poisons you! The worker ant bites you.
* * * LOW HITPOINT WARNING * * *
You are more poisoned.
The worker ant poisons you!
Okay, then.
You fail to use your ability.
* * * LOW HITPOINT WARNING * * *
You feel sick. The worker ant bites you.
You die...

..............#
..............#######
....................#
....................#
##############......#
.........# #......#
.........# #......#
.........#####...)..#
.............).a@...#
.........#####.....########
.........# #............#
.........#####............#
###.......................#
#.)..........##.........#
#............##.........#
#.)..[.......##.........#
#............##.........#


You could see a worker ant.

Vanquished Creatures
  A howler monkey (D:3)
  2 orc priests (D:3)
  5 orc wizards
  Ijyb (D:3)
  2 worker ants
  4 adders
  A worm (D:2)
  A dart slug (D:2)
  2 leopard geckos
  14 orcs
  8 bats
  A giant cockroach (D:4)
  8 goblins
  3 hobgoblins
  10 kobolds
  3 quokkas (D:2)
  A ball python (D:3)
  6 frilled lizards
  5 rats
78 creatures vanquished.

Notes
Turn   | Place    | Note
-------+----------+-------------------------------------------
     0 | D:1      | Majang the Gnoll Wanderer began the quest for the Orb.
     0 | D:1      | Majang set off with the following items: a +0 dagger, a
                  | potion of curing, a scroll of teleportation, a +0 robe, a
                  | ration; and the following spell memorised: Magic Dart; and
                  | the following spells available to memorise: Blink, Call
                  | Imp, Slow, Conjure Flame, Mephitic Cloud
     0 | D:1      | Reached XP level 1. HP: 13/13 MP: 8/8
     0 | D:1      | Noticed an ogre
     2 | D:1      | Noticed a vampire
     2 | D:1      | Noticed a vine stalker
     5 | D:1      | Noticed a naga
     6 | D:1      | Noticed a spriggan
     7 | D:1      | Noticed an elf
     9 | D:1      | Noticed an octopode
    11 | D:1      | Noticed a formicid
    11 | D:1      | Noticed a vine stalker
    13 | D:1      | Noticed a minotaur
    13 | D:1      | Noticed an octopode
    15 | D:1      | Noticed a draconian
    15 | D:1      | Noticed a human
    17 | D:1      | Noticed a gargoyle
    17 | D:1      | Noticed a dwarf
    19 | D:1      | Noticed an octopode
   378 | D:1      | Reached XP level 2. HP: 19/19 MP: 8/10
  1348 | D:2      | Reached XP level 3. HP: 25/25 MP: 9/11
  1353 | D:2      | Learned a level 3 spell: Conjure Flame
  1357 | D:2      | Learned a level 3 spell: Mephitic Cloud
  1628 | D:2      | Reached skill level 1 in Invocations
  1864 | D:2      | Found an ornate altar of the Wu Jian Council.
  2299 | D:2      | Reached skill level 1 in Fighting
  2299 | D:2      | Reached skill level 1 in Short Blades
  2299 | D:2      | Reached skill level 1 in Long Blades
  2299 | D:2      | Reached skill level 1 in Axes
  2299 | D:2      | Reached skill level 1 in Maces & Flails
  2299 | D:2      | Reached skill level 1 in Polearms
  2299 | D:2      | Reached skill level 1 in Staves
  2299 | D:2      | Reached skill level 1 in Slings
  2299 | D:2      | Reached skill level 1 in Bows
  2299 | D:2      | Reached skill level 1 in Crossbows
  2299 | D:2      | Reached skill level 1 in Throwing
  2299 | D:2      | Reached skill level 1 in Armour
  2299 | D:2      | Reached skill level 1 in Dodging
  2299 | D:2      | Reached skill level 1 in Shields
  2299 | D:2      | Reached skill level 1 in Unarmed Combat
  2299 | D:2      | Reached skill level 1 in Evocations
  2352 | D:2      | Reached XP level 4. HP: 24/32 MP: 10/13
  2650 | D:2      | Found a burning altar of Makhleb.
  2650 | D:2      | Found an iron altar of Okawaru.
  2660 | D:2      | Became a worshipper of Makhleb the Destroyer
  2791 | D:3      | Reached skill level 1 in Conjurations
  2791 | D:3      | Reached skill level 1 in Hexes
  2791 | D:3      | Reached skill level 1 in Charms
  2791 | D:3      | Reached skill level 1 in Summonings
  2791 | D:3      | Reached skill level 1 in Necromancy
  2791 | D:3      | Reached skill level 1 in Translocations
  2791 | D:3      | Reached skill level 1 in Fire Magic
  2791 | D:3      | Reached skill level 1 in Air Magic
  2791 | D:3      | Reached skill level 1 in Earth Magic
  2791 | D:3      | Reached skill level 1 in Poison Magic
  2814 | D:3      | Reached XP level 5. HP: 9/37 MP: 8/14
  3163 | D:3      | Found a bloodstained altar of Trog.
  3253 | D:3      | Reached XP level 6. HP: 22/44 MP: 12/16
  3758 | D:3      | Noticed Ijyb
  3782 | D:3      | Killed Ijyb
  4135 | D:3      | Reached * piety under Makhleb
  4841 | D:3      | Slain by a worker ant

Levels and vault maps discovered:
D:1:      shiori_arrival_whats_in_store_for_you, layout_basic
D:2:      layout_basic, overflow_temple_1_default,
          gammafunk_temple_overflow_elements
D:3:      layout_basic, lemuel_round_altar, first_ration, uniq_ijyb
D:4:      layout_rooms, zin_scriptorium

Skill      XL: |  1  2  3  4  5  6 |
---------------+-------------------+-----
Invocations    | 1 2 |  2.3
Fighting       | 1 2 |  2.1
Short Blades   | 1 2 |  2.1
Long Blades    | 1 2 |  2.1
Axes           | 1 2 |  2.1
Maces & Flails | 1 2 |  2.1
Polearms       | 1 2 |  2.1
Staves         | 1 2 |  2.1
Slings         | 1 2 |  2.1
Bows           | 1 2 |  2.1
Crossbows      | 1 2 |  2.1
Throwing       | 1 2 |  2.1
Armour         | 1 2 |  2.1
Dodging        | 1 2 |  2.1
Shields        | 1 2 |  2.1
Unarmed Combat | 1 2 |  2.1
Evocations     | 1 2 |  2.1
Conjurations   | 1 |  1.7
Hexes          | 1 |  1.7
Charms         | 1 |  1.7
Summonings     | 1 |  1.7
Necromancy     | 1 |  1.7
Translocations | 1 |  1.7
Fire Magic     | 1 |  1.7
Air Magic      | 1 |  1.7
Earth Magic    | 1 |  1.7
Poison Magic   | 1 |  1.7
Ice Magic      | 4 |  4.2
Stealth        | |  4.7
Spellcasting   | |  7.5
Transmutations | |  5.7

Action                   |  1- 3 |  4- 6 || total
-------------------------+-------+-------++-------
Melee: Spear             |    88 |    34 ||   122
       Club              |     3 |       ||     3
       Bite              |     2 |    12 ||    14
       Punch             |       |     2 ||     2
       War axe           |       |    86 ||    86
 Cast: Magic Dart        |    68 |    40 ||   108
       Conjure Flame     |     2 |       ||     2
       Mephitic Cloud    |       |    14 ||    14
  Use: Scroll            |       |     4 ||     4
       Potion            |       |     3 ||     3
 Stab: Sleeping          |     3 |       ||     3
       Confused          |       |     6 ||     6
  Eat: Chunk             |     5 |     6 ||    11
       Ration            |       |     1 ||     1
Armor: Robe              |     1 |       ||     1
       Leather armour    |     9 |       ||     9
       Ring mail         |       |    54 ||    54
       Scale mail        |       |     4 ||     4
Dodge: Dodged            |    29 |   101 ||   130
